 Dungeon Crawl Stone Soup version 0.29.0-11-gd7f09526c8 (webtiles) character file.

Game seed: 18179937490348670695

683 sanka the Grappler (level 7, -4/59 (66) HPs)
             Began as a Troll Cinder Acolyte on Sept 2, 2022.
             Was a High Priest of Ignis.
             Slain by a wight
             ... wielding a +2 scimitar
              (7 damage)
             ... on level 5 of the Dungeon.
             The game lasted 00:04:30 (3193 turns).

sanka the Grappler (Troll Cinder Acolyte)           Turns: 3193, Time: 00:04:31

HP:   -4/59 (66)    AC:  4    Str: 27    XL:     7   Next: 35%
MP:   7/7           EV:  9    Int: 10    God:    Ignis [*****.]
Gold: 184           SH:  0    Dex: 13    Spells: 8/8 levels left

rFire   + . .      SeeInvis .     - Unarmed
rCold   . . .      Faith    .   (no shield)
rNeg    . . .      Spirit   .   a - +0 robe
rPois   .          Reflect  .   (helmet restricted)
rElec   .          Harm     .   (no cloak)
rCorr   .          Rampage  .   (gloves unavailable)
Will    .....                   (boots unavailable)
Stlth   +.........              (no amulet)
HPRegen 0.99/turn               m - ring "Takeved" {Str+4 Dex+6 Slay+3}
MPRegen 0.10/turn               (no ring)

@: heavily drained
A: large, unfitting armour, claws 3, regeneration 1, shaggy fur 1, tough skin 1
a: Renounce Religion, Fiery Armour, Foxfire Swarm, Rising Flame


You were on level 5 of the Dungeon.
You worshipped Ignis.
Ignis was extremely pleased with you.
You visited 1 branch of the dungeon, and saw 5 of its levels.

You collected 184 gold pieces.


Innate Abilities, Weirdness & Mutations

You are too large for most types of armour.
You have claws for hands.
Your natural rate of healing is unusually fast.
You are covered in fur. (AC +1)
You have tough skin. (AC +1)


   Skills:
 - Level 2.4 Fighting
 + Level 8.7 Unarmed Combat
 - Level 1.0 Spellcasting
 - Level 2.1 Fire Magic


You had 8 spell levels left.
You didn't know any spells.
Your spell library contained the following spells:

 Spells                   Type           Power      Damage    Failure   Level
 Scorch                   Fire           8%         2d5       22%         2
 Apportation              Tloc           0%         N/A       34%         1
 Necrotise                Necr           0%         1d4       34%         1
 Summon Small Mammal      Summ           0%         N/A       34%         1

Inventory:

Armour
 a - a +0 robe (worn)
 l - a +0 cloak
Jewellery
 e - a ring of poison resistance
 k - a ring of wizardry
 m - the ring "Takeved" (left claw) {Str+4 Dex+6 Slay+3}

   [ring of dexterity]

   Str:       It affects your strength (+4).
   Dex:       It affects your dexterity (+6).
   Slay:      It affects your accuracy & damage with ranged weapons and melee
   (+3).
 q - a +6 ring of intelligence
Scrolls
 b - 2 scrolls of identify {@r1}
 c - 2 scrolls of enchant weapon
 d - 3 scrolls of vulnerability {!r}
 g - 3 scrolls of fog
 n - 3 scrolls of enchant armour
 o - a scroll of teleportation {@r4}
 p - a scroll of poison {!r}
Potions
 f - a potion of degeneration {unknown}
 h - 2 potions of berserk rage {unknown}
 i - 2 potions of cancellation {unknown}
 j - a potion of attraction {unknown}

Dungeon Overview and Level Annotations

Branches:
Dungeon (5/15)
 Temple: D:4-7

Altars:
Ashenzari
Gozag
Nemelex Xobeh

Shops:
D:4

[ ▒▒▒...z.▒▒▒▒▒▒▒▒▒▒.....▒
▒.....▒▒.......▒.▒..
▒▒▒...▒▒.▒▒▒▒....▒.▒
▒▒▒▒.........▒.▒..▒.▒▒▒ ..
▒...........▒...▒......▒...
.........g....▒▒▒▒▒..▒.....
▒.......z.g).)..▒...........
▒▒▒▒▒.▒.▒▒▒▒▒g▒.▒...▒.......
▒.▒▒▒..zT..▒...▒.▒.▒▒▒▒.▒
▒.▒ ▒▒.▒▒▒▒▒▒▒▒▒.▒.▒▒▒▒.▒ ▒▒
▒z ▒.▒.▒▒.... ▒. ▒.▒....>..
.. ▒.▒..▒.▒.. .. ▒.▒.......
. ▒......▒▒. ▒▒▒▒.▒▒▒▒. ▒.▒
▒.


You could see 2 wights and a gnoll.


Message History

* * * LOW HITPOINT WARNING * * *
You claw the wight!
You destroy the wight!
Your life force feels restored.
A gnoll comes into view. It is wielding a +0 club.
The gnoll shouts!
A gnoll comes into view. It is wielding a +0 spear.
Items here: )) [[.
The gnoll shouts!
The gnoll barely misses you.
You closely miss the gnoll. You claw the gnoll!
You kill the gnoll!
The wight barely misses you.
You completely miss the wight. The wight hits you with a +2 scimitar!
* * * LOW HITPOINT WARNING * * *
You feel drained.
You barely miss the wight. The wight hits you with a +2 scimitar.
* * * LOW HITPOINT WARNING * * *
You feel drained.
The gnoll throws a stone.
The stone barely misses you.
Unknown command.
You barely miss the wight. The wight hits you with a +2 scimitar!
* * * LOW HITPOINT WARNING * * *
You feel drained.
You die...

Action                   |  1- 3 |  4- 6 |  7- 9 || total
-------------------------+-------+-------+-------++-------
Melee: Unarmed           |    45 |   100 |    15 ||   160
       Punch             |       |     5 |     1 ||     6
  Use: Scroll            |       |     8 |       ||     8
Armor: Robe              |     7 |    25 |       ||    32
Dodge: Dodged            |     9 |    32 |     4 ||    45

Levels and vault maps discovered:
D:1:      amcnicky_arrival_abandoned_market, layout_loops_cross,
          hellmonk_ecumenical_altar_prayer_group
D:2:      layout_loops_corners
D:3:      layout_loops_cross, uniq_jessica
D:4:      layout_loops_cross, mainiacjoe_overflow_chevrons, serial_shops, shop,
          kennysheep_donut, ebering_dispersal_statue_hall
D:5:      layout_loops_cross, mainiacjoe_overflow_brackets,
          chequers_temple_overflow_statue_of_worship, gup_sewer_entry_pipe,
          serial_bayou_pond_e, corexii_corridor_pit, minmay_small_thing,
          uniq_ijyb

Notes
Turn   | Place    | Note
-------+----------+-------------------------------------------
     0 | D:1      | sanka the Troll Cinder Acolyte began the quest for the Orb.
     0 | D:1      | Reached XP level 1. HP: 22/22 MP: 1/1
   438 | D:1      | Reached XP level 2. HP: 29/29 MP: 2/2
   606 | D:1      | Found a faded altar of an unknown god.
   808 | D:2      | Reached skill level 4 in Unarmed Combat
   808 | D:2      | Reached XP level 3. HP: 34/36 MP: 3/3
  1218 | D:2      | Reached XP level 4. HP: 41/44 MP: 4/4
  1272 | D:2      | Reached skill level 5 in Unarmed Combat
  1678 | D:3      | Noticed Jessica
  1689 | D:3      | Killed Jessica
  1993 | D:3      | Reached XP level 5. HP: 50/50 MP: 5/5
  2350 | D:4      | Reached skill level 6 in Unarmed Combat
  2507 | D:4      | Reached XP level 6. HP: 42/59 MP: 6/6
  2529 | D:5      | Entered Level 5 of the Dungeon
  2529 | D:5      | Found an opulent altar of Gozag.
  2529 | D:5      | Found a broken altar of Ashenzari.
  2533 | D:5      | Reached skill level 7 in Unarmed Combat
  2572 | D:4      | Found a sparkling altar of Nemelex Xobeh.
  2590 | D:4      | Identified the +8 trident "Cokaen" {vorpal, Dex+7}
  2724 | D:4      | Found Appuzxuf's Antique Armour Shop.
  3035 | D:5      | Identified a scroll of acquirement
  3036 | D:5      | Acquired the ring "Takeved" {Str+4 Dex+6 Slay+3}
  3146 | D:5      | Reached skill level 8 in Unarmed Combat
  3146 | D:5      | Reached XP level 7. HP: 55/66 MP: 7/7
  3193 | D:5      | HP: 3/62 [wight/+2 scimitar (17)]
  3193 | D:5      | Slain by a wight

Vanquished Creatures
  A black bear (D:5)
  2 scorpions (D:4)
  2 wights (D:5)
  3 orc priests (D:4)
  Jessica (D:3)
  4 iguanas
  6 adders
  4 gnolls
  2 worms (D:4)
  A dart slug (D:4)
  5 orcs (D:4)
  A bat (D:3)
  5 endoplasms
  2 giant cockroaches
  9 goblins
  5 hobgoblins
  3 jackals
  3 kobolds
  3 ball pythons
  3 frilled lizards
  2 rats (D:1)
67 creatures vanquished.
